 Dungeon Crawl Stone Soup version 0.26-a0-264-g3a471323bd (webtiles) character file.

Game seed: 3320682202643158197

163 BritishOli the Skirmisher (level 5, 40/42 HPs)
             Began as a Demonspawn Fighter on July 11, 2020.
             Quit the game on level 3 of the Dungeon.
             The game lasted 00:01:33 (2025 turns).

BritishOli the Skirmisher (Demonspawn Fighter)      Turns: 2025, Time: 00:01:34

Health: 40/42      AC:  6    Str: 18    XL:     5   Next: 20%
Magic:  5/5        EV:  7    Int:  9    God:
Gold:   183        SH:  9    Dex: 12    Spells: 4/4 levels left

rFire    . . .     SeeInvis .   a - +0 long sword
rCold    . . .     Faith    .   c - +0 kite shield
rNeg     . . .     Spirit   +   b - +0 scale mail
rPois    .         Reflect  .   (no helmet)
rElec    .         Harm     .   (no cloak)
rCorr    .                      (no gloves)
MR       .....                  (no boots)
Stlth    ..........             (no amulet)
HPRegen  0.14/turn              (no ring)
MPRegen  0.09/turn              (no ring)

@: no status effects
A: spiny 1, magic shield
a: no special abilities


You were on level 3 of the Dungeon.
You were not hungry.

You visited 1 branch of the dungeon, and saw 3 of its levels.

You collected 183 gold pieces.

Inventory:

Hand Weapons
 a - a +0 long sword (weapon)
Armour
 b - a +0 scale mail (worn)
 c - a +0 kite shield (worn)
Jewellery
 e - an uncursed ring of protection from cold {unknown}
 k - an uncursed ring of protection from magic {unknown}
Wands
 q - a wand of disintegration (8)
Scrolls
 i - a scroll of noise {unknown}
 j - 2 scrolls of remove curse {unknown}
 l - 3 scrolls of identify {unknown}
 m - 2 scrolls of amnesia {unknown}
 o - a scroll of enchant armour {unknown}
Potions
 d - a potion of might
 g - 3 potions of degeneration {unknown}
 h - 3 potions of lignification {unknown}
 n - a potion of flight {unknown}
 p - a potion of curing {unknown}
Comestibles
 f - 19 rations


   Skills:
 + Level 3.9 Fighting
 + Level 2.8 Long Blades
 + Level 3.5 Armour
 + Level 3.5 Shields


You had 4 spell levels left.
You didn't know any spells.
Your spell library was empty.

Dungeon Overview and Level Annotations

Branches:
Dungeon (3/15)

Altars:
Yredelemnul


Innate Abilities, Weirdness & Mutations

You are partially covered in sharp spines.
When hurt, damage is shared between your health and your magic reserves.


Message History

You miss the adder.
The adder is severely wounded.
The adder bites you but does no damage.
An adder is nearby!
You closely miss the adder.
The adder is severely wounded.
You block the adder's attack. The adder is struck by your spines.
The adder bites you but does no damage.
An adder is nearby!
You completely miss the adder.
The adder is almost dead.
The adder is struck by your spines.
You kill the adder!
An adder comes into view.
The adder hisses angrily.
An adder is nearby!
An adder is nearby!
The adder bites you.
An adder is nearby!
Are you sure you want to abandon this character and quit the game? (Confirm with "yes".)

..................###......
..........................
..................#######.
.†................# ###
...........(......##...
.....)................
...................###
.......#####.#.......#
#.....## #....@S...#
####### ###.#.###....
#..#.# .[ . #.##.# #. #.#
#. ..# #. ### ..


You could see an adder.

Vanquished Creatures
  7 adders
  4 gnolls (D:2)
  An ooze (D:2)
  A worm (D:2)
  4 dart slugs
  A ball python (D:1)
  3 giant cockroaches (D:2)
  3 goblins (D:2)
  4 hobgoblins
  3 jackals (D:1)
  A quokka (D:2)
  7 bats
  8 kobolds
  2 rats (D:1)
49 creatures vanquished.

Notes
Turn   | Place    | Note
-------+----------+-------------------------------------------
     0 | D:1      | BritishOli the Demonspawn Fighter began the quest for the
                  | Orb.
     0 | D:1      | Reached XP level 1. HP: 18/18 MP: 1/1
    93 | D:1      | Gained mutation: When hurt, damage is shared between your
                  | health and your magic reserves. [demonic ancestry]
    93 | D:1      | Reached XP level 2. HP: 17/24 MP: 2/2
   552 | D:2      | Found a basalt altar of Yredelemnul.
   563 | D:2      | Reached XP level 3. HP: 24/29 MP: 3/3
  1024 | D:2      | Reached XP level 4. HP: 35/35 MP: 4/4
  1923 | D:3      | Gained mutation: You are partially covered in sharp spines.
                  | [demonic ancestry]
  1923 | D:3      | Reached XP level 5. HP: 36/42 MP: 5/5
  2025 | D:3      | Quit the game

Illustrated notes

Levels and vault maps discovered:
D:1:      minmay_arrival_stair_chambers, layout_rooms
D:2:      layout_loops_ring, yredelemnul_altar_generic, minmay_small_reverse_x
D:3:      layout_rooms, first_ration, uniq_grinder, uniq_terence

Skill      XL: |  1  2 |
---------------+-------+-----
Long Blades    | 2 |  2.8
Shields        | 3 |  3.5
Armour         | 3 |  3.5
Fighting       | |  3.9

Action                   |  1- 3 |  4- 6 || total
-------------------------+-------+-------++-------
Melee: Long sword        |    94 |    63 ||   157
  Eat: Ration            |       |     1 ||     1
Armor: Scale mail        |    49 |    14 ||    63
Dodge: Dodged            |    26 |    19 ||    45
Block: Kite shield       |    57 |    44 ||   101
       Rpst.: Long sword |    11 |     7 ||    18

Table legend:
 A = Non-vault XP
 B = Vault XP
 C = Vault XP percentage of total XP
 D = Non-vault monster count
 E = Vault monster count
 F = Vault count percentage of total count
                 A         B        C        D         E       F
            +---------+---------+-------+---------+---------+-------
      Total |     210 |      24 |  10.3 |      45 |       4 |   8.2
            +---------+---------+-------+---------+---------+-------
        D:1 |      29 |       0 |   0.0 |      15 |       0 |   0.0
        D:2 |     132 |      24 |  15.4 |      22 |       4 |  15.4
        D:3 |      49 |       0 |   0.0 |       8 |       0 |   0.0
            +---------+---------+-------+---------+---------+-------
